 Dungeon Crawl Stone Soup version 0.29.1-13-g9f3cf754e1 (webtiles) character file.

Game seed: 18268020521826178792

147 BeingJoeMalik the Cudgeller (level 5, 0/49 HPs)
             Began as a Naga Fighter on Feb 6, 2023.
             Slain by an orc
             ... wielding a +0 mace
              (7 damage)
             ... on level 3 of the Dungeon.
             The game lasted 00:05:12 (3330 turns).

BeingJoeMalik the Cudgeller (Naga Fighter)          Turns: 3330, Time: 00:05:12

Health: 0/49       AC:  5    Str: 18    XL:     5   Next: 29%
Magic:  14/14      EV:  7    Int:  9    God:
Gold:   227        SH:  5    Dex: 18    Spells: 4/4 levels left

rFire   . . .      SeeInvis +   a - +0 flail
rCold   . . .      Faith    .   c - +0 buckler
rNeg    . . .      Spirit   .   b - +0 scale mail
rPois   +          Reflect  .   (no helmet)
rElec   .          Harm     .   (no cloak)
rCorr   .          Rampage  .   (no gloves)
Will    .....                   (no barding)
Stlth   ..........              (no amulet)
HPRegen 0.16/turn               q - +6 ring of dexterity
MPRegen 0.14/turn               f - ring of magical power

@: studying Axes, very slow
A: AC +1, large, see invisible, deformed body, poison resistance, slowness 2,
spit poison 1, naga tail 1
a: Spit Poison


You were on level 3 of the Dungeon.
You visited 1 branch of the dungeon, and saw 3 of its levels.

You collected 227 gold pieces.

Inventory:

Hand Weapons
 a - a +0 flail (weapon)
Missiles
 p - 2 silver boomerangs
Armour
 b - a +0 scale mail (worn)
 c - a +0 buckler (worn)
Jewellery
 e - a +6 ring of intelligence
 f - a ring of magical power (right hand)
 q - a +6 ring of dexterity (left hand)
 r - a ring of fire
Scrolls
 j - 3 scrolls of enchant armour {unknown}
 k - a scroll of acquirement {unknown}
 l - a scroll of teleportation {unknown}
 n - a scroll of blinking {unknown}
Potions
 d - a potion of might
 g - 2 potions of resistance
 h - 2 potions of mutation {unknown}
 i - a potion of curing {unknown}
 m - a potion of attraction {unknown}
 o - a potion of invisibility {unknown}


   Skills:
 - Level 3.0 Fighting
 + Level 5.3 Maces & Flails
 - Level 2.4 Armour
 - Level 2.6 Shields


You had 4 spell levels left.
You didn't know any spells.
Your spell library contained the following spells:

 Spells                   Type           Power      Damage    Failure   Level
 Ignite Poison            Fire/Tmut/Pois 0%         N/A       99%         3
 Mephitic Cloud           Conj/Pois/Air  0%         N/A       99%         3
 Freezing Cloud           Conj/Ice/Air   0%         6-21      100%        5


Dungeon Overview and Level Annotations

Branches:
Dungeon (3/15)

Altars:
Xom


Innate Abilities, Weirdness & Mutations

Your serpentine skin is tough. (AC +1)
You have supernaturally acute eyesight. (SInv)
Armour fits poorly on your strangely shaped body.
Your system is resistant to poisons. (rPois)
You cover ground very slowly.
You can spit poison.
You have a snake-like lower body.


Message History

You thump the orc!
You kill the orc!
The orc hits you with a +0 mace.
You have reached level 5!
You hit the orc.
The orc is severely wounded.
You block the orc's attack. The orc hits you with a +0 mace.
You hit the orc but do no damage.
The orc is severely wounded.
The orc hits you with a +0 whip.
Aiming: Spit Poison (1% risk of failure)
Press: ? - help, Q - select action, (/) - cycle Shift-Dir - straight line, f - orc priest
Aim: an orc priest, wielding a +0 hand axe and wearing a +0 leather armour (59% to hit)
The splash of poison hits the orc priest!
The orc priest is poisoned.
The orc priest is severely wounded.
The orc hits you with a +0 mace. The orc hits you with a +0 whip.
The orc priest barely misses you.
You hit the orc priest.
The orc priest is almost dead.
The orc hits you with a +0 mace. The orc hits you with a +0 whip.
You block the orc priest's attack.
You closely miss the orc priest.
The orc priest is almost dead.
You kill the orc priest!
The orc closely misses you. The orc hits you with a +0 whip.
Unknown command.
You closely miss the orc.
The orc is severely wounded.
You have got your breath back.
The orc hits you with a +0 mace.
* * * LOW HITPOINT WARNING * * *
The orc hits you but does no damage. The orc hits you with a +0 mace.
* * * LOW HITPOINT WARNING * * *
The orc hits you with a +0 whip.
* * * LOW HITPOINT WARNING * * *
You closely miss the orc.
The orc is heavily wounded.
You block the orc's attack. The orc hits you with a +0 mace!
You die...

#.##.# #.#..##.# # #.##.#
#..#.##.# #.##.##<#
#######.#...#.# #.......#
#.............# ####.####
#.......#.##..# ##.##
#......(......# ##...#
#......#####.## #.#<#.#
#oo....#####.# #.#.#.#
#@)..........# #.#.#.#
###.########.# ##...# #.# #.#
##.########o# #.# #######
#.........o########.#
......###..##oo...o.......#.#
......##....).#####..##....(#
.####.##.........##..##.#.###
...##.##.#.##.##........#.#


You could see 2 orcs.

Vanquished Creatures
  An orc priest (D:3)
  A gnoll (D:2)
  3 adders
  A worm (D:2)
  2 dart slugs (D:2)
  6 orcs (D:3)
  5 ball pythons
  3 endoplasms
  4 giant cockroaches
  5 hobgoblins
  4 jackals (D:1)
  6 kobolds
  8 bats
  7 frilled lizards
  5 goblins
  5 rats
66 creatures vanquished.

Notes
Turn   | Place    | Note
-------+----------+-------------------------------------------
     0 | D:1      | BeingJoeMalik the Naga Fighter began the quest for the Orb.
     0 | D:1      | Reached XP level 1. HP: 21/21 MP: 1/1
   139 | D:1      | Reached XP level 2. HP: 25/28 MP: 2/2
   271 | D:1      | Reached skill level 3 in Maces & Flails
   785 | D:1      | Reached XP level 3. HP: 21/34 MP: 3/3
  1906 | D:2      | Found a faded altar of an unknown god.
  2115 | D:2      | Reached skill level 4 in Maces & Flails
  2178 | D:2      | Reached XP level 4. HP: 16/42 MP: 4/4
  3099 | D:3      | Found a shimmering altar of Xom.
  3323 | D:3      | Reached skill level 5 in Maces & Flails
  3324 | D:3      | Reached XP level 5. HP: 41/49 MP: 5/5
  3330 | D:3      | Slain by an orc

Illustrated notes

Levels and vault maps discovered:
D:1:      elethiomel_arrival_quiet, layout_loops_corners
D:2:      minmay_chambers_of_twos, layout_basic,
          shapermc_ecumenical_altar_starsandcircs
D:3:      layout_loops_cross, tgw_xom, minmay_between

Skill      XL: |  1  2  3  4 |
---------------+-------------+-----
Maces & Flails | 3 4 5 |  5.3
Fighting       | |  3.0
Armour         | |  2.4
Shields        | |  2.6

Action                   |  1- 3 |  4- 6 || total
-------------------------+-------+-------++-------
Melee: Flail             |   118 |    66 ||   184
 Abil: Spit Poison       |     8 |     5 ||    13
Armor: Scale mail        |    57 |    32 ||    89
Dodge: Dodged            |    46 |    24 ||    70
Block: Buckler           |    25 |    21 ||    46
